AoeStats
← Sugy

Black Forest

503794298Analyzed
4v4 RM · 1mo ago on Sep 2, 2026· 43m 4s· 8 players
Game mode
Random Map
Map size
Large (8 player)
Population
200
Speed
Normal
Resources
Standard
Victory
Conquest
Starting age
Dark Age
Ending age
Imperial Age
RankedLock teamsTeams togetherTeam positionsShared explorationLock speedFull tech treeHidden civsTurbo modeCheats
Victory
Defeat
🇨🇳 Vikings · China
1021
+10
🇨🇳 Huns · China
914
+15
🇨🇳 Bohemians · China
831
+19
🇹🇼 Spanish · Taiwan
786
+21
🇨🇿 Vietnamese · Czechia
930
-18
🇪🇸 Franks · Spain
917
-17
🇩🇪 Huns · Germany
871
-15
🇨🇿 Hindustanis · Czechia
832
-13
Sugy
0:55 Loom
12:21 Feudal Age
13:21 Double-Bit Axe
13:17 Horse Collar
15:08 Wheelbarrow
20:12 Castle Age
19:42 Gold Mining
19:44 Stone Mining
36:45 Forging
36:36 Scale Mail Armor
37:05 Squires
juanam86
2:12 Loom
13:00 Feudal Age
17:58 Castle Age
17:52 Double-Bit Axe
22:35 Gold Mining
22:35 Stone Mining
23:03 Bow Saw
24:26 Wheelbarrow
25:56 Hand Cart
34:26 Imperial Age
35:02 Gold Shaft Mining
34:55 Forging
34:36 Fletching
34:51 Scale Barding Armor
34:55 Husbandry
34:31 Cavalier
37:20 Iron Casting
38:48 Elite Throwing Axeman
40:46 Paladin
41:28 Pikeman
42:09 Squires
Guerilla62
1:39 Loom
10:14 Feudal Age
11:42 Wheelbarrow
10:56 Double-Bit Axe
12:31 Stone Mining
15:57 Horse Collar
21:00 Gold Mining
24:54 Castle Age
25:31 Bloodlines
25:32 Scale Barding Armor
25:38 Forging
25:26 Light Cavalry
26:07 Husbandry
28:36 Hand Cart
30:05 Bow Saw
32:01 Iron Casting
35:12 Chain Barding Armor
35:13 Masonry
35:50 Marauders
39:19 Gold Shaft Mining
42:43 Imperial Age
42:19 Padded Archer Armor
42:11 Fletching
42:28 Caravan
FrostyWeirdo
3:06 Loom
17:11 Feudal Age
19:45 Double-Bit Axe
20:59 Gold Mining
21:14 Horse Collar
35:30 Wheelbarrow
34:40 Town Watch
40:40 Fletching
43:21 Castle Age
平凡自在
0:44 Loom
14:11 Feudal Age
14:42 Double-Bit Axe
15:58 Wheelbarrow
16:37 Fishing Lines
21:36 Castle Age
19:38 Gold Mining
19:39 Stone Mining
23:42 Bow Saw
23:24 Gillnets
25:07 Padded Archer Armor
25:10 Husbandry
29:20 Bloodlines
29:34 Ballistics
29:35 Leather Archer Armor
30:57 Hand Cart
30:43 Horse Collar
32:08 Heavy Plow
36:11 Imperial Age
33:29 Town Watch
34:57 Caravan
36:06 Fervor
38:24 Chemistry
38:00 Conscription
37:04 Elite Conquistador
39:29 Ring Archer Armor
39:11 Forging
39:12 Capped Ram
42:53 Siege Ram
高老头子
1:24 Loom
12:31 Feudal Age
13:19 Double-Bit Axe
19:27 Castle Age
18:03 Stone Mining
18:25 Fishing Lines
19:20 Scale Mail Armor
21:21 Gold Mining
21:48 Forging
22:54 Chain Mail Armor
28:52 Squires
28:39 Pikeman
29:24 Chieftains
28:47 Pikeman
29:58 Gambesons
30:52 Iron Casting
33:04 Arson
33:46 Horse Collar
34:47 Bow Saw
36:01 Heavy Plow
39:54 Imperial Age
40:02 Fletching
41:33 Plate Mail Armor
42:04 Blast Furnace
43:10 Conscription
LlL
0:33 Loom
10:14 Feudal Age
17:39 Castle Age
15:36 Double-Bit Axe
15:33 Horse Collar
18:28 Wheelbarrow
25:19 Hand Cart
29:10 Imperial Age
27:09 Town Watch
28:27 Wagenburg Tactics
29:22 Treadmill Crane
30:46 Chemistry
30:03 Siege Engineers
30:29 Bow Saw
30:40 Heavy Plow
31:15 Town Patrol
31:57 Conscription
31:20 Houfnice
35:07 Two-Man Saw
33:42 Pikeman
34:22 Squires
34:09 Arson
35:18 Halberdier
36:25 Scale Mail Armor
36:35 Forging
38:43 Iron Casting
38:23 Chain Mail Armor
41:59 Blast Furnace
41:29 Plate Mail Armor
始于情深
11:20 Feudal Age
11:45 Horse Collar
11:52 Double-Bit Axe
19:18 Castle Age
17:55 Man-at-Arms
18:39 Scale Mail Armor
19:44 Forging
19:43 Long Swordsman
22:05 Squires
23:59 Iron Casting
26:51 Bow Saw
26:45 Heavy Plow
28:23 Chain Mail Armor
28:16 Gold Mining
28:18 Stone Mining
29:02 Scale Barding Armor
29:14 Pikeman
34:50 Imperial Age
33:04 Chain Barding Armor
33:40 Gold Shaft Mining
33:41 Bloodlines
34:17 Loom
36:51 Wheelbarrow
37:23 Two-Man Saw
36:23 Halberdier
40:04 Blast Furnace
42:55 Cavalier
Connection lost

Rejoining the realm…

Still unreachable

The connection could not be restored.

Session expired

The server has moved on; the page needs a fresh start.